 Dungeon Crawl Stone Soup version 0.31-a0-200-gbc41564c69 (webtiles) character file.

Game seed: 14297392630409919298

443 qw the Skirmisher (level 6, -3/35 HPs)
             Began as a Deep Elf Hunter on June 25, 2023.
             Slain by a black bear (5 damage)
             ... on level 5 of the Dungeon.
             The game lasted 00:01:23 (3588 turns).

qw the Skirmisher (Deep Elf Hunter)                 Turns: 3588, Time: 00:01:24

Health: -3/35      AC: 10    Str: 10    XL:     6   Next: 71%
Magic:  8/8        EV: 11    Int: 14    God:
Gold:   166        SH:  0    Dex: 18    Spells: 5/5 levels left

rFire   . . .        Y - +0 shortbow
rCold   . . .        (shield currently unavailable)
rNeg    . . .        b - +5 ring mail of the Harp {rElec SInv Stlth+}
rPois   .            (helmet restricted)
rElec   +            (no cloak)
rCorr   .            (no gloves)
SInv    +            (no boots)
Will    .....        f - amulet of the acrobat
Stlth   ++           (no ring)
HPRegen 0.25/turn    (no ring)
MPRegen 0.11/turn

%: acrobat
@: no status effects
A: beak, MP-powered wands
a: no special abilities


You were on level 5 of the Dungeon.
You visited 1 branch of the dungeon, and saw 5 of its levels.

You collected 166 gold pieces.


Innate Abilities, Weirdness & Mutations

You have a beak for a mouth.
You expend magic power (3 MP) to strengthen your wands.


   Skills:
 - Level 2.1 Fighting
 + Level 10.2 Ranged Weapons
 - Level 3.1 Dodging
 - Level 1.2 Stealth


You had 5 spell levels left.
You didn't know any spells.
Your spell library was empty.

Inventory:

Hand Weapons
 Y - a +0 shortbow (weapon)
Armour
 b - the +5 ring mail of the Harp (worn) {rElec SInv Stlth+}
   (You found it on level 2 of the Dungeon)

   rElec:     It insulates you from electricity.
   SInv:      It lets you see invisible.
   Stlth:     It makes you more stealthy.
 d - the +0 ring mail "Weraa" {Will+ Str-2 Slay+5 Stlth+}
   (You found it on level 4 of the Dungeon)

   Str:       It affects your strength (-2).
   Slay:      It affects your accuracy & damage with ranged weapons and melee
   (+5).
   Will:      It increases your willpower.
   Stlth:     It makes you more stealthy.
Jewellery
 f - an amulet of the acrobat (around neck)
Scrolls
 a - 3 scrolls of identify
Potions
 c - a potion of mutation

Dungeon Overview and Level Annotations

Branches:
Dungeon (5/15)
 Temple: D:4-7

Altars:
Ashenzari
Kikubaaqudgha
Nemelex Xobeh
Sif Muna
Vehumet

Shops:
D:2 (   D:4 [

Annotations:
D:2 2 transporters


Message History

The black bear is severely wounded.
The black bear goes berserk!
You shoot an arrow. The arrow hits the black bear.
The black bear is severely wounded.
A quokka comes into view.
The black bear bites you but does no damage.
The black bear claws you.
The black bear claws you but does no damage.
You shoot an arrow.
The arrow hits the black bear but does no damage.
The black bear is severely wounded.
The black bear barely misses you. The black bear closely misses you.
The black bear claws you but does no damage.
The black bear barely misses you. The black bear claws you.
The black bear claws you but does no damage.
You shoot an arrow.
The arrow hits the black bear but does no damage.
The black bear is severely wounded.
The black bear bites you. The black bear closely misses you.
The black bear claws you but does no damage.
You shoot an arrow. The arrow hits the black bear.
The black bear is severely wounded.
The black bear bites you.
The black bear claws you but does no damage. x2
The black bear bites you. The black bear barely misses you. x2
You shoot an arrow. The arrow hits the black bear.
The black bear is almost dead.
The black bear bites you. The black bear claws you. x2
You shoot an arrow.
The arrow hits the black bear but does no damage.
The black bear is almost dead.
The black bear misses you. The black bear closely misses you.
The black bear claws you but does no damage.
The black bear bites you. The black bear closely misses you.
The black bear claws you but does no damage.
You shoot an arrow.
The arrow hits the black bear but does no damage.
The black bear is almost dead.
The black bear bites you.
You die...

..%...##.......#....#.#.#
#.###.##.).)).<##.......#
#.# #..........#####.####
#.# ############ #.# #.#
... #.# ... .$.. #.#
..... #.# ......#####.#
.....rh@....#
...$..####### ..... ....
... ##


You could see a black bear (berserk) and a quokka.

Vanquished Creatures
  Sigmund (D:2)
  A hound (D:4)
  Jessica (D:2)
  An iguana (D:5)
  An orc wizard (D:3)
  4 gnolls (D:4)
  5 adders
  2 worms
  A dart slug (D:4)
  7 orcs
  5 ball pythons
  5 endoplasms
  3 giant cockroaches
  7 goblins
  7 hobgoblins
  2 jackals (D:2)
  7 quokkas
  9 bats
  4 frilled lizards
  7 kobolds
  3 rats
83 creatures vanquished.

Notes
Turn   | Place    | Note
-------+----------+-------------------------------------------
     0 | D:1      | qw the Deep Elf Hunter began the quest for the Orb.
     0 | D:1      | Reached XP level 1. HP: 12/12 MP: 3/3
     0 | D:1      | 0 ||| qw: Version: 0.3-a-22-g0ed2b0b
     0 | D:1      | 0 ||| qw: Game counter: 5548
     0 | D:1      | 0 ||| qw: Melee chars always use a shield: true
     0 | D:1      | 0 ||| qw: God list: Okawaru
     0 | D:1      | 0 ||| qw: Allow faded altars: false
     0 | D:1      | 0 ||| qw: Do Orc after clearing Dungeon:15 true
     0 | D:1      | 0 ||| qw: Do second Lair branch before Depths: true
     0 | D:1      | 0 ||| qw: Lair rune preference: random
     0 | D:1      | 0 ||| qw: Goals: Normal
     0 | D:1      | 0 ||| PLANNING D:1-11
   152 | D:1      | Reached XP level 2. HP: 16/16 MP: 4/4
   161 | D:1      | Reached skill level 6 in Ranged Weapons
   502 | D:1      | Reached XP level 3. HP: 20/20 MP: 5/5
   783 | D:1      | 783 ||| UPGRADING to +0 ring mail.
   793 | D:1      | 793 ||| DROPPING +0 leather armour.
   794 | D:1      | 794 ||| READING 2 scrolls labelled EFFINLUJAIG.
   795 | D:1      | 795 ||| READING scroll labelled BUVVODDOSA.
   796 | D:1      | 796 ||| DROPPING scroll of butterflies.
   903 | D:2      | Reached skill level 7 in Ranged Weapons
   910 | D:2      | Identified the +5 ring mail of the Harp {rElec SInv Stlth+}
   931 | D:2      | Found a broken altar of Ashenzari.
   931 | D:2      | Noticed Sigmund
   931 | D:2      | Noticed Jessica
   932 | D:2      | 932 ||| Stepping ~*~*~tactically~*~*~ (outnumbered).
   933 | D:2      | Killed Jessica
   934 | D:2      | Reached XP level 4. HP: 25/25 MP: 6/6
   944 | D:2      | Killed Sigmund
   945 | D:2      | Reached skill level 9 in Ranged Weapons
   945 | D:2      | Reached XP level 5. HP: 21/29 MP: 7/7
   945 | D:2      | 945 ||| FLEEEEING.
   946 | D:2      | 946 ||| FLEEEEING.
   947 | D:2      | 947 ||| FLEEEEING.
   948 | D:2      | 948 ||| FLEEEEING.
   949 | D:2      | 949 ||| FLEEEEING.
   950 | D:2      | 950 ||| FLEEEEING.
   952 | D:2      | 952 ||| FLEEEEING.
   953 | D:2      | 953 ||| FLEEEEING.
   954 | D:2      | 954 ||| FLEEEEING.
   955 | D:2      | 955 ||| FLEEEEING.
   956 | D:2      | 956 ||| FLEEEEING.
   957 | D:2      | 957 ||| FLEEEEING.
   958 | D:2      | 958 ||| FLEEEEING.
   959 | D:2      | 959 ||| FLEEEEING.
   961 | D:2      | 961 ||| FLEEEEING.
   962 | D:2      | 962 ||| FLEEEEING.
   963 | D:2      | 963 ||| FLEEEEING.
   964 | D:2      | 964 ||| FLEEEEING.
   965 | D:2      | 965 ||| FLEEEEING.
   966 | D:2      | 966 ||| FLEEEEING.
   967 | D:2      | 967 ||| FLEEEEING.
  1045 | D:2      | Found a transporter.
  1047 | D:2      | Found Sokupuph's Weapon Emporium.
  1373 | D:2      | Found a transporter.
  1416 | D:2      | 1416 ||| UPGRADING to +5 ring mail of the Harp {rElec SInv
                  | Stlth+}.
  1426 | D:2      | 1426 ||| DROPPING +0 ring mail.
  1427 | D:2      | 1427 ||| READING scroll labelled TICVYIL DIUKK.
  1428 | D:2      | 1428 ||| READING 2 scrolls of identify.
  1428 | D:2      | 1428 ||| IDENTIFYING black potion
  1429 | D:2      | 1429 ||| DROPPING potion of brilliance.
  1598 | D:3      | 1598 ||| Stepping ~*~*~tactically~*~*~ (outnumbered).
  1604 | D:3      | Reached XP level 6. HP: 30/35 MP: 8/8
  1610 | D:3      | 1610 ||| FLEEEEING.
  1612 | D:3      | 1612 ||| FLEEEEING.
  1613 | D:3      | 1613 ||| FLEEEEING.
  1615 | D:3      | 1615 ||| FLEEEEING.
  1616 | D:3      | 1616 ||| FLEEEEING.
  1617 | D:3      | 1617 ||| FLEEEEING.
  1620 | D:3      | 1620 ||| FLEEEEING.
  1621 | D:3      | 1621 ||| FLEEEEING.
  1622 | D:3      | 1622 ||| FLEEEEING.
  1623 | D:3      | 1623 ||| FLEEEEING.
  1643 | D:3      | 1643 ||| FLEEEEING.
  1644 | D:3      | 1644 ||| FLEEEEING.
  1645 | D:3      | 1645 ||| FLEEEEING.
  1704 | D:3      | Found a faded altar of an unknown god.
  2355 | D:3      | 2355 ||| READING scroll labelled NUHISMI ELIB.
  2356 | D:3      | 2356 ||| READING scroll labelled JOKIYT COYL.
  2357 | D:3      | 2357 ||| READING 2 scrolls labelled KOJ DAATTEFAFRIQ.
  2358 | D:3      | 2358 ||| DROPPING scroll of summoning.
  2362 | D:3      | 2362 ||| Stepping ~*~*~tactically~*~*~ (cloud).
  2558 | D:4      | Found a sparkling altar of Nemelex Xobeh.
  2601 | D:4      | Found Mikhusah's Armour Emporium.
  2604 | D:4      | 2604 ||| SHOPLISTING +0 swamp dragon scales (550 gold, have
                  | 147).
  2616 | D:4      | Identified the +0 ring mail "Weraa" {Will+ Str-2 Slay+5
                  | Stlth+}
  2784 | D:4      | 2784 ||| Stepping ~*~*~tactically~*~*~ (outnumbered).
  2794 | D:4      | Reached skill level 10 in Ranged Weapons
  3042 | D:4      | Reached skill level 3 in Dodging
  3061 | D:4      | Found a radiant altar of Vehumet.
  3144 | D:4      | Found an ancient bone altar of Kikubaaqudgha.
  3145 | D:4      | Found a shimmering blue altar of Sif Muna.
  3370 | D:4      | 3370 ||| UPGRADING to amulet of the acrobat.
  3375 | D:4      | 3375 ||| READING scroll labelled LEUCA MAOGIKH.
  3476 | D:4      | 3476 ||| DRINKING 2 lumpy grey potions.
  3476 | D:4      | Gained mutation: You have a beak for a mouth. [potion of
                  | mutation]
  3476 | D:4      | Gained mutation: You expend magic power (3 MP) to
                  | strengthen your wands. [potion of mutation]
  3494 | D:5      | Entered Level 5 of the Dungeon
  3586 | D:5      | HP: 6/35 [black bear (6)]
  3587 | D:5      | HP: 2/35 [black bear (5)]
  3588 | D:5      | Slain by a black bear

Levels and vault maps discovered:
D:1:      minmay_arrival_radiant_lines, layout_basic
D:2:      layout_loops_ring, serial_shops, nicolae_shop_drivethru, basic_altar,
          uniq_sigmund, uniq_jessica
D:3:      layout_loops_corners, basic_ecumenical_altar, kennysheep_path_1
D:4:      layout_basic, grunt_temple_overflow_magic_moments,
          nemelex_xobeh_ov_fountains_minmay, serial_shops,
          nicolae_shop_real_fake_doors, chequers_big_river
D:5:      layout_loops_cross, minmay_temple_entry_arrows

Skill      XL: |  1  2  3  4  5  6 |
---------------+-------------------+-----
Ranged Weapons | 6 7 9 10 | 10.2
Fighting       | 2 |  2.1
Dodging        | 3 |  3.1
Stealth        | |  1.2

Action                     |  1- 3 |  4- 6 || total
---------------------------+-------+-------++-------
   Fire: Shortbow          |    96 |   179 ||   275
    Use: Scroll            |     2 |     6 ||     8
         Potion            |       |     1 ||     1
 Armour: Leather armour    |     8 |       ||     8
         Ring mail         |       |    35 ||    35
  Dodge: Dodged            |    18 |    49 ||    67

Table legend:
 A = Non-vault XP
 B = Vault XP
 C = Vault XP percentage of total XP
 D = Non-vault monster count
 E = Vault monster count
 F = Vault count percentage of total count
                 A         B        C        D         E       F
            +---------+---------+-------+---------+---------+-------
      Total |     370 |     263 |  41.5 |      81 |       2 |   2.4
            +---------+---------+-------+---------+---------+-------
        D:1 |      47 |       0 |   0.0 |      29 |       0 |   0.0
        D:2 |      41 |     263 |  86.5 |      11 |       2 |  15.4
        D:3 |      82 |       0 |   0.0 |      17 |       0 |   0.0
        D:4 |     154 |       0 |   0.0 |      20 |       0 |   0.0
        D:5 |      46 |       0 |   0.0 |       4 |       0 |   0.0
            +---------+---------+-------+---------+---------+-------
